 Dungeon Crawl Stone Soup version 0.29.1-15-g9cfb28693d (webtiles) character file.

Game seed: 5718052871363133229

205 Hugehornet the Covered (level 5, -5/32 HPs)
             Began as a Gargoyle Fighter on Mar 21, 2023.
             Slain by a gnoll
             ... wielding a +0 flail
              (7 damage)
             ... on level 3 of the Dungeon.
             The game lasted 00:03:37 (2837 turns).

Hugehornet the Covered (Gargoyle Fighter)           Turns: 2837, Time: 00:03:38

Health: -5/32      AC: 13    Str: 19    XL:     5   Next: 83%
Magic:  5/5        EV:  9    Int: 11    God:
Gold:   120        SH:  5    Dex: 15    Spells: 4/4 levels left

rFire   . . .      SeeInvis .   s - +1 flail (holy)
rCold   . . .      Faith    .   c - +0 buckler
rNeg    + . .      Spirit   .   b - +0 scale mail
rPois   ∞          Reflect  .   p - +0 helmet
rElec   +          Harm     .   t - +0 cloak
rCorr   .          Rampage  .   (no gloves)
Will    .....                   (no boots)
Stlth   ..........              (no amulet)
HPRegen 0.10/turn               g - +6 ring of dexterity
MPRegen 0.09/turn               (no ring)

@: no status effects
A: sickness immunity, AC +4, negative energy resistance 1, electricity
resistance, torment resistance 1, petrification resistance
a: no special abilities


You were on level 3 of the Dungeon.
You visited 1 branch of the dungeon, and saw 3 of its levels.

You collected 120 gold pieces.

Inventory:

Hand Weapons
 o - a +5 club
 s - a +1 flail of holy wrath (weapon)
Armour
 b - a +0 scale mail (worn)
 c - a +0 buckler (worn)
 p - a +0 helmet (worn)
 t - a +0 cloak (worn)
Jewellery
 g - a +6 ring of dexterity (left hand)
Wands
 q - a wand of mindburst (6)
Scrolls
 a - a scroll of fog {unknown}
 f - 2 scrolls of amnesia {unknown}
 h - 3 scrolls of identify {unknown}
 j - 2 scrolls of teleportation {unknown}
 l - a scroll of noise {unknown}
 m - a scroll of brand weapon {unknown}
Potions
 d - a potion of might
 e - a potion of lignification {unknown}
 i - 3 potions of attraction {unknown}
 k - a potion of heal wounds {unknown}
 n - a potion of berserk rage {unknown}
 r - a potion of curing {unknown}


   Skills:
 - Level 3.2 Fighting
 + Level 4.3 Maces & Flails
 + Level 5.4 Armour
 - Level 3.2 Shields


You had 4 spell levels left.
You didn't know any spells.
Your spell library was empty.

Dungeon Overview and Level Annotations

Branches:
Dungeon (3/15)

Altars:
Uskayaw


Innate Abilities, Weirdness & Mutations

You are immune to sickness and miasma.
Your stone body is resilient. (AC +4)
You are immune to poison.
You resist negative energy. (rN+)
You are resistant to electric shocks. (rElec)
You are resistant to unholy torment.
You are immune to petrification.


Message History

The gnoll hits you but does no damage.
A gnoll comes into view. It is wielding a +0 flail.
The rat bites you but does no damage. You block the gnoll's attack.
You barely miss the gnoll.
The gnoll shouts!
The dart slug launches a dart at you.
The slug dart hits you but does no damage.
The rat barely misses you. The gnoll barely misses you.
An endoplasm comes into view.
You hit the gnoll.
The gnoll is moderately wounded.
The rat bites you but does no damage. The gnoll hits you but does no damage.
You thump the gnoll!
You kill the gnoll!
The rat barely misses you.
You closely miss the rat. The rat barely misses you.
You thump the rat!
You kill the rat!
You block the gnoll's attack.
You barely miss the gnoll. The gnoll hits you with a +0 flail.
You hit the gnoll.
The gnoll is heavily wounded.
The gnoll hits you with a +0 flail!
You hit the gnoll.
The gnoll is severely wounded.
The gnoll hits you with a +0 flail!
You are too injured to fight recklessly!
You are too injured to fight recklessly!
You are too injured to fight recklessly!
You hit the gnoll.
The gnoll is almost dead.
The gnoll hits you but does no damage.
You hit the gnoll but do no damage.
The gnoll is almost dead.
The gnoll hits you with a +0 flail. The gnoll hits you with a +0 flail!
* * * LOW HITPOINT WARNING * * *
You hit the gnoll but do no damage.
The gnoll is almost dead.
The gnoll hits you with a +0 flail!
You die...

#......####..........#
......#.##..............##
##### #.######....(.....##
#...## ##..........#
###..####..........# .
##...##..........##. #.
###.#.............. #..###
####.............##.
#<...###wg@.###........##
#.)...##.# ##.....<###
#.).####.# #####...<#
#..#).# #.# ####.# #.###.#
#.. #.# ... .. ### ... .##
#.. ##.## # ... #.# #.##
#..


You could see a gnoll and a dart slug.

Vanquished Creatures
  Crazy Yiuf (D:2)
  Natasha (thrice) (D:2)
  Robin (D:2)
  2 adders
  A gnoll (D:3)
  2 dart slugs (D:1)
  7 ball pythons
  6 endoplasms
  4 giant cockroaches
  12 goblins
  5 hobgoblins
  3 kobolds
  3 quokkas
  4 bats
  2 frilled lizards
  6 rats
62 creatures vanquished.

Vanquished Creatures (others)
  2 plants (D:2)
2 creatures vanquished.

Grand Total: 64 creatures vanquished

Notes
Turn   | Place    | Note
-------+----------+-------------------------------------------
     0 | D:1      | Hugehornet the Gargoyle Fighter began the quest for the
                  | Orb.
     0 | D:1      | Reached XP level 1. HP: 14/14 MP: 1/1
   163 | D:1      | Reached XP level 2. HP: 19/19 MP: 2/2
   197 | D:1      | You fall into a shaft and drop 1 floor!
   545 | D:1      | Reached skill level 4 in Armour
   545 | D:1      | Reached XP level 3. HP: 20/23 MP: 3/3
  1418 | D:2      | Found a faded altar of an unknown god.
  1454 | D:2      | Noticed Robin
  1459 | D:2      | Killed Robin
  1460 | D:2      | Reached XP level 4. HP: 11/28 MP: 4/4
  1664 | D:2      | Noticed Natasha
  1668 | D:2      | Killed Natasha
  1695 | D:2      | Found a hide-covered altar of Uskayaw.
  1735 | D:2      | Noticed Natasha
  1753 | D:2      | Killed Natasha
  1921 | D:2      | Noticed Natasha
  1930 | D:2      | Killed Natasha
  1931 | D:2      | Reached skill level 5 in Armour
  1931 | D:2      | Reached XP level 5. HP: 7/32 MP: 5/5
  2625 | D:2      | Found a runed translucent door.
  2626 | D:2      | Noticed Crazy Yiuf
  2633 | D:2      | Killed Crazy Yiuf
  2837 | D:3      | Slain by a gnoll

Illustrated notes

Levels and vault maps discovered:
D:1:      wheals_arrival_linesprint, layout_basic, minmay_misc_feat_tower,
          fountainhead
D:2:      layout_loops_cross, shapermc_ecumenical_altar_mp_ritualfount,
          basic_altar, uniq_natasha, uniq_robin, uniq_crazy_yiuf_cottage
D:3:      layout_rooms

Skill      XL: |  1  2  3  4  5 |
---------------+----------------+-----
Armour         | 4 5 |  5.4
Maces & Flails | 3 4 |  4.3
Fighting       | |  3.2
Shields        | |  3.2

Action                   |  1- 3 |  4- 6 || total
-------------------------+-------+-------++-------
Melee: Flail             |   117 |    82 ||   199
Armor: Scale mail        |    70 |    36 ||   106
Dodge: Dodged            |    79 |    36 ||   115
Block: Buckler           |    30 |    21 ||    51
